Map: [ESL] Hard Lead

Players

Spirit

  • Race: Terran Terran
  • Spawn Location: 11:00

GuMiho - Winner!

  • Race: Terran Terran
  • Spawn Location: 5:00

Event: IEM Katowice 2024

VOD

Have the link to the VOD?

Description

Time

  • Played on: Feb. 9, 2024, 6:38 a.m.
  • Length: 13:18

All games in this series

Show
View Real Time Build Order
Export as new Build Order

Spirit Terran 

Build Orders: Cyclone Opening, Gas First Reaper Expand 

Get SALT Encoding   

  12  0:00  SCV  
  13  0:12  SCV  
  14  0:17  Supply Depot  
  14  0:24  SCV  
  15  0:29  Refinery  
  15  0:39  SCV  
  16  0:44  Barracks  
  16  0:51  SCV  
  17  1:03  SCV  
  18  1:15  SCV  
  19  1:31  Orbital Command, Reaper  
  20  1:44  Command Center  
  20  1:54  Factory  
  20  1:59  SCV  
  21  2:08  Supply Depot, Reaper  
  22  2:12  SCV  
  23  2:30  SCV  
  24  2:38  Cyclone  
  24  2:42  SCV  
  27  2:45  Barracks Reactor  
  27  2:52  Command Center  
  27  2:54  SCV  
  28  3:00  Orbital Command  
  28  3:06  SCV  
  28  3:12  Factory Tech Lab  
  29  3:14  Refinery  
  29  3:18  SCV  
  30  3:21  Barracks  
  30  3:23  Marine  
  30  3:24  Marine  
  30  3:26  SCV  
  33  3:31  SCV  
  34  3:39  SCV  
  34  3:40  Siege Tank  
  38  3:43  SCV  
  38  3:44  Supply Depot  
  38  3:48  Marine x2  
  40  3:51  SCV  
  40  3:55  SCV  
  43  3:59  Barracks  
  43  4:03  SCV  
  43  4:04  Orbital Command  
  43  4:07  SCV  
  43  4:09  Barracks Tech Lab  
  45  4:12  Marine  
  45  4:15  SCV  
  45  4:16  Siege Tank  
  50  4:20  SCV, Refinery  
  50  4:21  Marine  
  52  4:27  SCV  
  52  4:30  Stimpack, Marine  
  55  4:31  SCV  
  55  4:33  SCV  
  55  4:37  Marine  
  56  4:39  Marine  
  56  4:42  SCV  
  56  4:46  SCV  
  56  4:48  Marine  
  56  4:49  Barracks Reactor  
  58  4:54  Refinery  
  58  4:56  Supply Depot, SCV  
  58  4:57  Marine, Starport  
  58  4:58  SCV, Marine  
  62  5:00  SCV  
  62  5:05  Engineering Bay  
  62  5:06  Engineering Bay  
  63  5:09  Marine  
  64  5:14  Marine, SCV x2  
  64  5:16  Supply Depot, SCV  
  64  5:20  Siege Tank  
  71  5:25  Marine x2  
  71  5:26  SCV, Marine  
  76  5:28  SCV  
  76  5:36  Terran Infantry Weapons Level 1, Terran Infantry Armor Level 1, Starport Reactor  
  76  5:38  Supply Depot  
  76  5:43  Missile Turret, Marine  
  76  5:44  Marine  
  76  5:45  SCV  
  76  5:46  Supply Depot  
  76  5:47  Marine  
  76  5:49  SCV  
  81  5:57  Marine  
  81  5:58  SCV  
  81  6:01  Barracks, Marine  
  81  6:03  Barracks, SCV  
  85  6:05  Missile Turret  
  85  6:06  Marine  
  85  6:07  Marauder  
  85  6:08  SCV  
  85  6:10  SCV  
  90  6:11  Combat Shield  
  90  6:14  Medivac  
  90  6:16  Medivac  
  93  6:21  Marine  
  93  6:22  Supply Depot  
  93  6:24  Supply Depot  
  94  6:27  Orbital Command  
  94  6:28  Siege Tank, Marauder  
  99  6:34  Supply Depot, Marine  
  99  6:35  SCV  
  101  6:43  SCV  
  101  6:44  Medivac  
  101  6:46  Medivac  
  106  6:48  SCV  
  106  6:49  Marauder  
  106  6:51  Barracks Tech Lab x2  
  109  6:55  SCV  
  109  6:57  SCV  
  109  7:00  SCV  
  112  7:02  Sensor Tower  
  112  7:07  SCV, Marine  
  114  7:10  SCV  
  114  7:11  Marauder  
  114  7:12  Concussive Shells, SCV  
  114  7:13  Marine  
  114  7:14  Medivac  
  120  7:16  Supply Depot  
  120  7:17  Supply Depot, Refinery x2  
  120  7:18  Marauder x2  
  120  7:19  SCV  
  125  7:35  Armory  
  125  7:37  SCV x2, Marine  
  125  7:38  Marine, Marauder  
  125  7:39  Marauder x2, Supply Depot  
  125  7:40  Supply Depot  
  125  7:41  SCV, Supply Depot  
  136  7:46  Marine  
  136  7:49  Liberator  
  136  7:50  SCV  
  141  8:00  Marine x3  
  141  8:01  Liberator, Marauder x2  
  141  8:02  Marauder  
  141  8:03  Marine, Supply Depot  
  141  8:05  Command Center  
  153  8:14  Starport  
  153  8:16  Starport  
  153  8:18  Marine  
  153  8:19  SCV  
  153  8:22  Marauder x2  
  153  8:23  SCV  
  153  8:24  SCV  
  153  8:26  Terran Ship Weapons Level 1  
  155  8:28  Fusion Core  
  155  8:31  SCV  
  156  8:34  Viking  
  156  8:35  SCV  
  159  8:44  Viking  
  159  8:45  Supply Depot, SCV  
  159  8:46  Supply Depot  
  159  8:48  SCV  
  163  8:50  SCV  
  163  8:52  Refinery x2  
  163  8:54  Starport Reactor  
  163  8:55  Starport Reactor  
  162  8:59  SCV  
  163  9:04  SCV  
  163  9:05  Barracks Reactor  
  163  9:07  Viking x3  
  170  9:11  Armory  
  170  9:14  Viking  
  172  9:20  Command Center  
  171  9:31  Advanced Ballistics  
  171  9:37  Viking x2  
  175  9:39  Viking  
  175  9:42  Viking  
  179  9:49  Viking  
  179  9:51  Viking  
  183  9:55  Command Center  
  183  9:57  Planetary Fortress  
  183  10:08  Terran Vehicle And Ship Armor Level 1  
  183  10:09  Viking  
  183  10:11  SCV x3  
  186  10:19  Viking x2  
  187  10:23  SCV x3  
  192  10:35  SCV x2  
  192  10:47  SCV  
  191  10:51  Liberator x6  
  185  11:04  Marauder x2, Marine x2  
  174  11:05  Marine  
  174  11:06  Marauder  
  157  11:12  Marine  
  156  11:21  Marine  
  156  11:22  Marine  
  152  11:25  Marauder  
  150  11:53  Orbital Command  
  130  12:17  Marine  
  130  12:18  SCV  
  117  12:24  Liberator  
  117  12:32  SCV, Marine x2  
  117  12:33  Liberator  
  117  12:34  Liberator  
  117  12:35  Liberator  
  109  12:37  Marine  
  109  12:42  Orbital Command  
  109  12:43  Marine  
  108  12:44  SCV  
  108  12:51  Marauder  
  109  12:56  Marine  
  109  12:57  SCV  
Show
View Real Time Build Order
Export as new Build Order

GuMiho Terran - Winner!

Build Orders: Cyclone Opening, Reaper Expand, Mech 

Get SALT Encoding   

  12  0:00  SCV  
  13  0:12  SCV  
  14  0:16  Supply Depot  
  14  0:24  SCV  
  15  0:38  SCV  
  15  0:39  Barracks  
  16  0:42  Refinery  
  16  0:50  SCV  
  17  1:02  SCV  
  18  1:14  SCV  
  19  1:26  Orbital Command, Reaper  
  20  1:39  Command Center  
  20  1:46  Supply Depot  
  20  1:52  SCV  
  21  1:58  Marine  
  22  2:04  SCV  
  22  2:05  Factory  
  23  2:10  Refinery  
  23  2:16  SCV, Marine  
  25  2:28  SCV  
  26  2:33  Marine  
  27  2:40  SCV  
  28  2:48  Cyclone  
  28  2:49  Starport  
  28  2:50  Orbital Command  
  30  2:52  SCV  
  30  2:54  Barracks Reactor  
  31  2:59  Refinery  
  31  3:04  SCV  
  32  3:16  SCV x2  
  34  3:20  Supply Depot  
  34  3:27  Medivac  
  36  3:28  SCV  
  36  3:29  SCV  
  38  3:34  Cyclone  
  38  3:35  Cyclone  
  38  3:40  Barracks Tech Lab  
  42  3:41  SCV  
  42  3:43  Supply Depot, SCV  
  44  3:53  SCV  
  44  3:55  SCV  
  46  4:02  Command Center  
  46  4:07  Supply Depot  
  48  4:10  Raven  
  48  4:11  SCV  
  48  4:12  SCV  
  50  4:17  Cyclone  
  50  4:22  Cyclone  
  50  4:23  SCV  
  55  4:24  SCV  
  55  4:35  SCV  
  55  4:36  SCV  
  55  4:46  Raven  
  55  4:48  SCV x2  
  55  4:49  Cyclone  
  61  4:53  Barracks Tech Lab  
  61  4:54  Cyclone  
  61  4:56  Refinery  
  61  4:57  Supply Depot  
  63  5:00  SCV  
  63  5:01  SCV  
  63  5:03  Interference Matrix  
  63  5:04  Factory  
  65  5:12  SCV  
  65  5:13  SCV  
  67  5:16  Orbital Command  
  67  5:19  Factory  
  67  5:21  Supply Depot  
  67  5:23  Cyclone  
  67  5:24  SCV  
  67  5:25  SCV  
  71  5:29  Cyclone  
  73  5:36  SCV  
  73  5:37  SCV  
  73  5:40  Raven  
  77  5:48  SCV  
  77  5:49  SCV  
  79  5:50  Orbital Command  
  79  5:58  Siege Tank  
  79  5:59  Refinery  
  79  6:00  SCV, Hurricane Engines  
  79  6:01  SCV  
  79  6:03  Refinery  
  84  6:06  Factory Tech Lab  
  83  6:12  SCV  
  83  6:13  SCV  
  83  6:15  Supply Depot  
  83  6:16  Supply Depot  
  83  6:18  Raven  
  87  6:21  SCV  
  87  6:23  Barracks Reactor  
  87  6:24  SCV  
  90  6:25  SCV  
  90  6:31  Armory  
  90  6:33  SCV  
  90  6:36  SCV  
  90  6:37  SCV  
  90  6:38  Command Center  
  90  6:39  Supply Depot  
  93  6:41  Supply Depot  
  93  6:42  Supply Depot  
  93  6:44  Siege Tank x2  
  93  6:45  SCV  
  98  6:48  SCV  
  98  6:49  SCV  
  98  6:52  Hellion x2  
  104  6:57  SCV, Supply Depot x2  
  104  6:58  Supply Depot  
  104  7:01  SCV  
  106  7:02  SCV  
  107  7:09  SCV  
  107  7:13  SCV  
  107  7:14  SCV  
  110  7:16  Factory  
  110  7:17  Factory  
  110  7:20  Siege Tank x2  
  110  7:22  SCV  
  117  7:25  Supply Depot  
  117  7:27  Hellion x2, Supply Depot  
  121  7:32  SCV x2  
  121  7:34  Terran Vehicle Weapons Level 1, SCV, Engineering Bay  
  121  7:35  Armory  
  121  7:37  Viking x2  
  126  7:40  Infernal Pre-Igniter  
  128  7:46  SCV x3  
  135  7:51  Hellion x2  
  135  7:54  Siege Tank  
  135  7:55  Siege Tank  
  141  8:02  Factory Tech Lab  
  141  8:03  Factory Reactor  
  141  8:10  SCV x2  
  141  8:11  SCV  
  144  8:16  Viking x2  
  148  8:25  Siege Tank  
  148  8:27  Siege Tank, Hellion x2  
  158  8:31  Planetary Fortress  
  158  8:40  Missile Turret x3  
  158  8:41  Refinery x2  
  158  8:42  Missile Turret, Terran Vehicle And Ship Armor Level 1  
  158  8:45  Missile Turret  
  158  8:54  Siege Tank  
  158  8:55  Hellion x3  
  166  8:58  Siege Tank  
  169  9:03  Viking x2  
  169  9:09  Command Center  
  173  9:15  Sensor Tower  
  173  9:21  Siege Tank, Sensor Tower  
  176  9:26  Hellion x3  
  176  9:27  Hellion  
  184  9:34  Supply Depot  
  184  9:36  Siege Tank  
  190  9:48  Hellion x3  
  196  9:54  Terran Vehicle Weapons Level 2  
  196  9:56  Hellion  
  198  10:07  Command Center  
  198  10:08  Siege Tank  
  198  10:12  Command Center  
  198  10:17  Siege Tank x2  
  198  10:18  Hellion  
  196  10:25  Cyclone x2  
  196  10:49  Siege Tank  
  199  10:51  Siege Tank  
  184  11:01  Cyclone x4  
  184  11:02  Cyclone  
  171  11:14  Viking  
  171  11:15  Viking  
  161  11:21  Cyclone  
  161  11:23  Cyclone  
  164  11:33  Cyclone x4  
  164  11:35  Cyclone  
  174  11:46  Viking x2  
  177  11:53  Cyclone  
  179  11:56  Cyclone  
  175  12:05  Cyclone x3  
  175  12:06  Cyclone  
  175  12:07  Cyclone  
  157  12:23  Viking x2  
  157  12:26  Cyclone  
  157  12:28  Cyclone  
  139  12:37  Cyclone x2  
  139  12:38  Cyclone x2  
  139  12:39  Cyclone  

Tags
 
Add a new tag
Caveats
  • Supply blocks, unpowered buildings, or Contaminate may cause inaccurate times.
  • Supply counts are checked every 10 seconds.